 Dungeon Crawl Stone Soup version 0.27.1-3-gb3d3a73c9e (webtiles) character file.

Game seed: 12356839077213716681

18 belegose the Skirmisher (level 2, 0/24 HPs)
             Began as a Demonspawn Monk on Oct 10, 2021.
             Slain by a jackal (2 damage)
             ... on level 1 of the Dungeon.
             The game lasted 00:01:33 (901 turns).

belegose the Skirmisher (Demonspawn Monk)            Turns: 901, Time: 00:01:34

Health: 0/24       AC:  2    Str: 11    XL:     2   Next: 48%
Magic:  2/2        EV: 10    Int: 11    God:
Gold:   49         SH:  7    Dex: 15    Spells: 1/1 levels left

rFire    . . .     SeeInvis .   a - +0 hand axe
rCold    . . .     Faith    .   g - +0 kite shield
rNeg     . . .     Spirit   .   b - +0 robe
rPois    .         Reflect  .   (no helmet)
rElec    .         Harm     .   (no cloak)
rCorr    .         Rampage  .   (no gloves)
Will     .....                  (no boots)
Stlth    ++........             (no amulet)
HPRegen  0.08/turn              (no ring)
MPRegen  0.08/turn              (no ring)

@: no status effects
A: demonic magic 1
a: no special abilities


You were on level 1 of the Dungeon.
You visited 1 branch of the dungeon, and saw 1 of its levels.

You collected 49 gold pieces.

Inventory:

Hand Weapons
 a - a +0 hand axe (weapon)
Missiles
 e - 3 stones (quivered)
Armour
 b - a +0 robe (worn)
 g - a +0 kite shield (worn)
Jewellery
 i - a +4 ring of evasion
Scrolls
 c - a scroll of identify {unknown}
 d - a scroll of amnesia {unknown}
 f - a scroll of magic mapping {unknown}
 j - a scroll of noise {unknown}
Potions
 h - a potion of heal wounds {unknown}


   Skills:
 + Level 3.2 Fighting
 + Level 2.9 Axes
 + Level 0.5 Throwing
 + Level 0.4 Armour
 - Level 2.8 Dodging
 - Level 1.7 Stealth
 + Level 0.2 Shields


You had one spell level left.
You didn't know any spells.
Your spell library was empty.

Dungeon Overview and Level Annotations

Branches:
Dungeon (1/15)

Altars:


Innate Abilities, Weirdness & Mutations

Spells you cast may paralyse adjacent enemies.


Message History

A jackal comes into view.
Found a hunting sling.
The jackal barks!
You hear a bark!
You hear a shout!
A jackal comes into view.
The jackal barks!
A jackal comes into view.
The jackal barks!
The jackal closely misses you. The jackal closely misses you.
The jackal barely misses you. You block the jackal's attack.
The jackal bites you but does no damage.
The jackal bites you. The jackal closely misses you.
The jackal closely misses you. You block the jackal's attack.
The jackal barely misses you. The jackal bites you.
The jackal bites you but does no damage.
The jackal completely misses you. You block the jackal's attack.
The jackal bites you.
The jackal bites you. x2; The jackal closely misses you. x2
You block the jackal's attack. The jackal barely misses you.
You block the jackal's attack. The jackal closely misses you.
The jackal bites you. You block the jackal's attack. The jackal bites you.
You block the jackal's attack.
The jackal bites you but does no damage.
The jackal closely misses you. The jackal barely misses you.
The jackal bites you. You block the jackal's attack. x2
The jackal misses you. The jackal bites you.
* * * LOW HITPOINT WARNING * * *
The jackal barely misses you. The jackal bites you.
* * * LOW HITPOINT WARNING * * *
You block the jackal's attack. The jackal barely misses you. x3
You block the jackal's attack. The jackal bites you.
* * * LOW HITPOINT WARNING * * *
The jackal bites you.
* * * LOW HITPOINT WARNING * * *
You block the jackal's attack. The jackal bites you.
You die...

#.###.##.# .#
#.# ####.# .
#.# #....# ##.
#.# #.#### #..
#.# #.# #.#
#.# #.# #.#
#### #.# #.#
#.# ..).
####.# #.#
###.##..#
...#†#
#.####..h@hh.#
#.##.#
#....#.#.###.#
#.##.#
####.#.#.....#
#.##.#
#...#######
#.##.# #####
#.##.# #....#
######


You could see 3 jackals.

Vanquished Creatures
  2 dart slugs (D:1)
  2 endoplasms (D:1)
  A giant cockroach (D:1)
  A hobgoblin (D:1)
  2 quokkas (D:1)
  3 kobolds (D:1)
  2 rats (D:1)
13 creatures vanquished.

Notes
Turn   | Place    | Note
-------+----------+-------------------------------------------
     0 | D:1      | belegose the Demonspawn Monk began the quest for the Orb.
     0 | D:1      | Reached XP level 1. HP: 18/18 MP: 1/1
   465 | D:1      | Gained mutation: Spells you cast may paralyse adjacent
                  | enemies. [demonic ancestry]
   465 | D:1      | Reached XP level 2. HP: 23/24 MP: 2/2
   691 | D:1      | Found a faded altar of an unknown god.
   901 | D:1      | Slain by a jackal

Illustrated notes

Levels and vault maps discovered:
D:1:      dpeg_arrival_shrine, layout_basic,
          hellmonk_ecumenical_altar_leap_of_faith, minmay_split_cup_small

Action                   || total
-------------------------++-------
Melee: Hand axe          ||    35
 Stab: Sleeping          ||     5
Armor: Robe              ||     8
Dodge: Dodged            ||    29
Block: Kite shield       ||    14
